 Dungeon Crawl Stone Soup version 0.26-a0-639-g72c4674329 (webtiles) character file.

Game seed: 18094966973659012954

15978 PentaManta the Cleaver (level 12, -4/92 HPs)
             Began as a Formicid Abyssal Knight on Sept 19, 2020.
             Was a High Priest of Lugonu.
             Killed from afar by Jorgrun (31 damage)
             ... with an iron shot
             ... on level 12 of the Dungeon.
             The game lasted 01:00:57 (17172 turns).

PentaManta the Cleaver (Formicid Abyssal Knight)   Turns: 17172, Time: 01:00:58

Health: -4/92      AC: 18    Str: 21    XL:     12   Next: 64%
Magic:  0/18       EV:  9    Int: 13    God:    Lugonu [*****.]
Gold:   419        SH:  0    Dex: 10    Spells: 11/11 levels left

rFire    x . .     SeeInvis +   Z - +1 spear (venom)
rCold    + + .     Faith    .   (no shield)
rNeg     . . .     Spirit   +   C - +0 ice dragon scales
rPois    .         Reflect  .   (helmet unavailable)
rElec    .         Harm     .   k - +0 cloak
rCorr    .         Rampage  .   u - +0 pair of gloves
MR       +++..                  q - +1 pair of boots
Stlth    ..........             p - amulet of guardian spirit
HPRegen  0.25/turn              b - ring of protection from magic
MPRegen  0.16/turn              S - ring of protection from magic

@: grasped by roots, constricted
A: permanent stasis, dig shafts and tunnels, four strong arms, antennae 3
a: Dig, Shaft Self, Depart the Abyss, Bend Space, Banish, Corrupt, Enter the
Abyss, Renounce Religion


You were on level 12 of the Dungeon.
You worshipped Lugonu.
Lugonu was extremely pleased with you.
You visited 3 branches of the dungeon, and saw 14 of its levels.
You visited the Abyss 1 time.
You also visited: Ossuary.

You collected 697 gold pieces.
You spent 278 gold pieces at shops.

Inventory:

Hand Weapons
 a - a +1 dagger of freezing
 i - a +2 dagger of venom
 n - a +0 hunting sling
 o - a +2 dagger of holy wrath
 v - a +2 war axe
 x - a +2 whip of flaming
 O - a +4 morningstar
 R - a +1 trident of freezing
 T - a +1 dagger of electrocution
 Z - a +1 spear of venom (weapon)
Missiles
 d - 338 stones (quivered)
 g - 26 boomerangs
 m - 4 curare-tipped darts
 s - 79 poisoned darts
 A - 94 sling bullets
 G - 2 throwing nets
Armour
 e - a +0 troll leather armour
 k - a +0 cloak (worn)
 q - a +1 pair of boots (worn)
 u - a +0 pair of gloves (worn)
 z - a +2 ring mail of fire resistance
 C - +0 ice dragon scales (worn)
 F - a +0 leather armour of positive energy
 V - a +0 plate armour
Jewellery
 b - a ring of protection from magic (left hand)
 p - an amulet of guardian spirit (around neck)
 t - an uncursed ring of fire
 K - an uncursed ring of protection from cold
 P - the ring "Jaysygemn" {+Fly rElec Slay+2}
   (You bought it in a shop on level 8 of the Dungeon)

   [ring of flight]

   It affects your accuracy and damage with ranged weapons and melee attacks
   (+2).
   It insulates you from electricity.
   It lets you fly.
 S - a ring of protection from magic (right hand)
Wands
 h - a wand of random effects (43)
 y - a wand of paralysis (5)
 E - a wand of polymorph (9)
 H - a wand of acid (4)
 I - a wand of iceblast (3)
 J - a wand of flame (35)
 Q - a wand of digging (3)
 X - a wand of enslavement (9)
Scrolls
 f - 7 scrolls of remove curse
 L - a scroll of fog
 M - a scroll of magic mapping
Potions
 c - 4 potions of lignification
 j - 2 potions of cancellation
 l - 4 potions of curing
 r - 2 potions of ambrosia
 B - a potion of resistance
 N - 2 potions of invisibility
 U - 2 potions of magic
 Y - a potion of might


   Skills:
 + Level 8.1 Fighting
 + Level 12.6 Axes
 * Level 10.8 Armour
 + Level 6.2 Dodging
 + Level 8.4 Invocations


You had 11 spell levels left.
You didn't know any spells.
Your spell library contained the following spells:

 Spells                   Type           Power        Failure   Level
 Foxfire                  Conj/Fire      #...         63%         1
 Conjure Flame            Conj/Fire      #.......     94%         3
 Inner Flame              Hex/Fire       #.......     94%         3
 Sticky Flame             Conj/Fire      #.......     100%        4
 Fireball                 Conj/Fire      #.........   100%        5


Dungeon Overview and Level Annotations

Branches:
Dungeon (12/15)            Temple (1/1) D:7            Lair (0/6) D:8
    Orc (1/2) D:10        Ossuary (visited)

Altars:
Ashenzari
Cheibriados
Dithmenos
Elyvilon
Fedhas
Gozag
Hepliaklqana
Kikubaaqudgha
Makhleb
Nemelex Xobeh
Okawaru
Qazlal
Ru
Sif Muna
Trog
Uskayaw
Vehumet
Wu Jian
Xom
Yredelemnul
Zin
The Shining One

Shops:
D:5 !   D:8 *

Annotations:
D:3 1 runed translucent door, mitkoXXVII's ghost, amateur HOMo
D:12 Jorgrun
Abyss:1 Harold


Innate Abilities, Weirdness & Mutations

You cannot be hasted, slowed, berserked, paralysed or teleported.
You can dig through walls and to a lower floor.
Your four strong arms can wield two-handed weapons with a shield.
You have a pair of large antennae on your head. (SInv)


Message History

The grasping roots constrict you.
You feel much better. Jorgrun completely misses you.
The grasping roots constrict you!
As you read the scroll of fear, it crumbles to dust.
You assume a fearsome visage.
Jorgrun resists with almost no effort.
Jorgrun hits you but does no damage. The grasping roots constrict you!
Evoke which item? (* to show all) (? for menu, Esc to quit)
Aiming: Corrosive Bolt
Press: ? - help, Shift-Dir - straight line, f/p - Jorgrun
Aim: Jorgrun, wielding a +0 vorpal quarterstaff and wearing a +2 robe of magic resistance (severely wounded, very poisoned, covered in acid)
The bolt of acid hits Jorgrun!
Jorgrun is splashed with acid.
Jorgrun seems to be corroded for longer.
Jorgrun is almost dead.
Jorgrun hits you with a +0 vorpal quarterstaff.
* * * LOW HITPOINT WARNING * * *
x2 The grasping roots constrict you!
You feel better. Jorgrun casts a spell at you. The iron shot hits you!!
You die...

#.... #####....#
.........# .........#
.........#
.........###############
........................
!......g......###'######
.......@......#.........
..............#.........
.###+####.....#.........
#.....#.........
#.....#.........
####..#.........
..#......... .#.........
#..#######


You could see Jorgrun (very poisoned, corroded).

Vanquished Creatures
  A two-headed ogre (D:8)
  4 skeletal warriors
  An unseen horror (D:10)
  Pikel (D:5)
  An ugly thing (D:11)
  2 trolls (D:9)
  A hornet (D:8)
  2 hippogriffs
  Sigmund (D:4)
  A spriggan (D:11)
  A vampire (D:11)
  A wyvern (D:9)
  A yak (D:9)
  3 hogs (D:9)
  A human (D:9)
  Menkaure (D:7)
  4 water moccasins
  A porcupine (D:8)
  3 black bears
  5 ice beasts
  10 orc warriors
  3 sky beasts
  An eye of draining (D:10)
  2 phantoms
  4 ogres
  5 centaurs
  5 necrophages
  2 big kobolds
  7 bullfrogs
  2 gnoll sergeants
  3 water moccasin zombies (Ossuary)
  A wyvern zombie (D:10)
  6 scorpions
  A wyvern skeleton (D:9)
  6 killer bees (D:11)
  14 wights
  2 howler monkeys
  6 bullfrog zombies
  2 centaur zombies (D:12)
  2 quasits
  2 jellies (D:9)
  5 hounds
  2 bullfrog skeletons
  6 orc priests
  14 orc wizards
  An iguana (D:5)
  2 centaur skeletons
  7 worker ants
  Ijyb (D:5)
  A big kobold zombie (Ossuary)
  A hound zombie (D:11)
  2 hound skeletons
  2 mummies (Ossuary)
  A howler monkey zombie (D:9)
  6 gnolls (D:10)
  19 adders
  3 shadow imps
  3 white imps (D:8)
  2 ufetubi
  An ooze (D:2)
  4 adder skeletons
  6 adder zombies
  2 worms
  A dart slug (D:2)
  6 leopard geckos
  53 orcs
  A ball python (D:2)
  8 giant cockroaches
  2 gnoll zombies (Ossuary)
  6 goblins
  8 hobgoblins
  5 jackals
  7 quokkas
  11 bats
  3 frilled lizards
  3 hobgoblin zombies (Ossuary)
  A jackal skeleton (D:4)
  A jackal zombie (D:7)
  15 kobolds
  2 kobold zombies (Ossuary)
  2 leopard gecko skeletons
  3 orc zombies (Ossuary)
  6 rats (D:2)
357 creatures vanquished.

Vanquished Creatures (others)
  A bush (D:12)
  15 fungi (D:8)
  15 plants
31 creatures vanquished.

Grand Total: 388 creatures vanquished

Notes
Turn   | Place    | Note
-------+----------+-------------------------------------------
     0 | Abyss:1  | PentaManta the Formicid Abyssal Knight began the quest for
                  | the Orb.
     0 | Abyss:1  | Reached XP level 1. HP: 18/18 MP: 2/2
    24 | Abyss:1  | Found a corrupted altar of Lugonu.
    38 | Abyss:1  | Noticed a wretched star
   109 | Abyss:2  | Noticed a small abomination
   116 | Abyss:2  | Noticed a chaos spawn
   119 | D:1      | Escaped the Abyss
   252 | D:1      | Reached XP level 2. HP: 11/24 MP: 2/2
   568 | D:1      | Reached skill level 3 in Axes
   737 | D:1      | Reached * piety under Lugonu
  1205 | D:2      | Found an ornate altar of the Wu Jian Council.
  1215 | D:2      | Found a bloodstained altar of Trog.
  1222 | D:2      | Reached XP level 3. HP: 25/29 MP: 3/3
  1274 | D:2      | Found a basalt altar of Yredelemnul.
  1690 | D:2      | Reached skill level 4 in Axes
  1690 | D:2      | Reached XP level 4. HP: 35/35 MP: 4/4
  2149 | D:3      | Reached XP level 5. HP: 41/41 MP: 5/5
  2200 | D:3      | Reached ** piety under Lugonu
  2219 | D:3      | Reached skill level 5 in Axes
  2896 | D:3      | Found a runed translucent door.
  2898 | D:3      | Noticed mitkoXXVII's ghost (amateur HOMo)
  2969 | D:4      | Found a stormy altar of Qazlal.
  3362 | D:4      | Reached skill level 6 in Axes
  3362 | D:4      | Reached XP level 6. HP: 41/47 MP: 4/6
  3518 | D:4      | Noticed Sigmund
  3570 | D:4      | Killed Sigmund
  3570 | D:4      | Reached skill level 7 in Axes
  3570 | D:4      | Reached XP level 7. HP: 52/52 MP: 6/8
  3660 | D:4      | Found a snail-covered altar of Cheibriados.
  3770 | D:4      | Reached skill level 8 in Axes
  4302 | D:5      | Entered Level 5 of the Dungeon
  4382 | D:5      | Reached XP level 8. HP: 58/58 MP: 9/9
  4384 | D:5      | Noticed Pikel
  4405 | D:5      | Killed Pikel
  4405 | D:5      | Reached skill level 9 in Axes
  4556 | D:5      | Reached skill level 10 in Axes
  5004 | D:5      | Found a shadowy altar of Dithmenos.
  5011 | D:5      | Found a hide-covered altar of Uskayaw.
  5151 | D:5      | Found a hazy altar of Hepliaklqana.
  5168 | D:5      | Reached XP level 9. HP: 63/64 MP: 10/10
  5415 | D:5      | Found Synapseniw's Distillery.
  5430 | D:5      | Bought a potion of heal wounds for 50 gold pieces
  5430 | D:5      | Bought a potion of degeneration for 10 gold pieces
  5533 | D:5      | Bought a potion of ambrosia for 80 gold pieces
  5586 | D:5      | Noticed Ijyb
  5596 | D:5      | Killed Ijyb
  5664 | D:5      | Reached skill level 11 in Axes
  6283 | D:6      | Reached skill level 1 in Dodging
  6617 | D:6      | Reached *** piety under Lugonu
  6849 | D:6      | Found a shattered altar of Ashenzari.
  7314 | D:7      | Noticed Menkaure
  7324 | D:7      | Killed Menkaure
  7337 | D:7      | Reached XP level 10. HP: 41/73 MP: 6/12
  7353 | D:7      | Found a sand-covered staircase.
  7376 | Ossuary  | Entered an ossuary
  7539 | Ossuary  | Reached skill level 5 in Armour
  7902 | D:7      | Reached **** piety under Lugonu
  8343 | D:7      | Found a staircase to the Ecumenical Temple.
  8514 | D:7      | Noticed Harold
  8530 | D:7      | HP: 2/73 [Harold/+0 scimitar (3)]
  8532 | D:7      | Banished Harold
  8532 | D:7      | Reached skill level 5 in Fighting
  8532 | D:7      | Reached skill level 5 in Invocations
  8892 | Temple   | Entered the Ecumenical Temple
  9653 | D:8      | Found Loabyl's Assorted Antiques.
  9657 | D:8      | Bought a scroll labeled SOKLOL NATAUSA for 23 gold pieces
  9657 | D:8      | Bought a glittering lapis lazuli ring for 115 gold pieces
  9658 | D:8      | Identified the ring "Jaysygemn" {+Fly rElec Slay+2} (You
                  | bought it in a shop on level 8 of the Dungeon)
  9830 | D:8      | Found an ancient bone altar of Kikubaaqudgha.
 10057 | D:8      | Noticed a two-headed ogre
 10130 | D:8      | Killed a two-headed ogre
 10130 | D:8      | Reached XP level 11. HP: 20/81 MP: 7/15
 10612 | D:8      | Found an opulent altar of Gozag.
 10898 | D:8      | Found a staircase to the Lair.
 11402 | D:9      | Reached skill level 12 in Axes
 12232 | D:9      | Reached ***** piety under Lugonu
 12732 | D:10     | Entered Level 10 of the Dungeon
 12779 | D:10     | Found a staircase to the Orcish Mines.
 13332 | D:10     | Reached skill level 5 in Dodging
 13657 | D:10     | Noticed an unseen horror
 13824 | D:10     | Killed an unseen horror
 14203 | D:10     | Reached XP level 12. HP: 79/91 MP: 13/17
 14268 | D:10     | Noticed a skeletal warrior
 14300 | D:10     | Killed a skeletal warrior
 14472 | D:10     | Noticed a skeletal warrior
 14497 | D:10     | Killed a skeletal warrior
 14763 | D:10     | Noticed a skeletal warrior
 14768 | D:10     | Noticed a skeletal warrior
 14835 | D:9      | Killed a skeletal warrior
 14835 | D:9      | Reached skill level 10 in Armour
 15148 | D:10     | Killed a skeletal warrior
 15828 | Orc:1    | Entered Level 1 of the Orcish Mines
 15981 | D:11     | Found a blossoming altar of Fedhas.
 16919 | D:12     | Found a blossoming altar of Fedhas.
 17129 | D:12     | Noticed Jorgrun
 17172 | D:12     | Killed from afar by Jorgrun

Illustrated notes

Levels and vault maps discovered:
D:1:      minmay_arrival_shattered_statue, layout_basic,
          hangedman_abyss_or_decor_stabs
D:2:      layout_basic, overflow_temple_1_default, bloody_trog,
          lemuel_crystal_altar, minmay_fractal_squares_5
D:3:      layout_basic, ebering_ghost_sewer_d
D:4:      layout_basic, lemuel_crystal_altar, cheibriados_altar_1, uniq_sigmund
D:5:      layout_gridville, grunt_dithmenos_smoke_and_mirrors,
          lemuel_doored_altar, kennysheep_mini_moat, serial_shops, shop,
          minmay_misc_feat_plants, hangedman_decor_lopped, uniq_ijyb, uniq_pikel
D:6:      layout_gridville, ashenzari_altar_1
D:7:      layout_layer_cave, minmay_temple_entry_butterflies,
          nicolae_ossuary_entry_false_entrances, uniq_menkaure, uniq_harold
D:8:      layout_basic, kennysheep_little_box, kennysheep_mini,
          grunt_lair_entry_orc_guard_hut, serial_shops, shop
D:9:      layout_loops_ring, grunt_livestock, dk_vineyard_1
D:10:     lemuel_ice_spiral_2, layout_irregular_city,
          kennysheep_orc_monster_closet_entryway, kennysheep_dice
D:11:     layout_roguey, basic_altar, the_bakery
D:12:     minmay_curly_fans, layout_irregular_city, fedhas_altar_decomposition,
          uniq_azrael, uniq_jorgrun
Temple:   minmay_temple_curvy_loop
Orc:1:    layout_diamond_mine

Skill      XL: |  1  2  3  4  5  6  7  8  9 10 11 12 |
---------------+-------------------------------------+-----
Axes           | 3 4 6 7 8 10 11 12 | 12.6
Dodging        | 2 4 5 6 |  6.2
Armour         | 4 7 9 10 | 10.8
Invocations    | 3 5 7 8 |  8.4
Fighting       | 4 5 7 8 |  8.1

Action                   |  1- 3 |  4- 6 |  7- 9 | 10-12 || total
-------------------------+-------+-------+-------+-------++-------
Melee: Hand axe          |    26 |       |    20 |       ||    46
       Dagger            |    86 |   195 |   231 |   115 ||   627
       Whip              |       |       |    22 |   124 ||   146
       War axe           |       |       |   123 |   672 ||   795
       Spear             |       |       |       |    58 ||    58
Invok: Depart the Abyss  |     1 |       |       |       ||     1
       Bend Space        |       |       |     2 |     3 ||     5
       Banish            |       |       |       |     1 ||     1
 Abil: Dig               |       |     2 |       |     2 ||     4
Evoke: Wand              |       |     1 |       |     6 ||     7
  Use: Scroll            |     2 |     4 |     4 |    18 ||    28
       Potion            |       |       |       |    11 ||    11
 Stab: Paralysed         |       |     5 |       |       ||     5
Armor: Chain mail        |   147 |    99 |       |       ||   246
       Ring mail         |       |    44 |    46 |       ||    90
       Ice dragon scales |       |       |   191 |   493 ||   684
Dodge: Dodged            |    77 |    80 |   195 |   503 ||   855

Table legend: (Time is in decaauts)
 A = Elapsed time spent in this place.
 B = Non-inter-level travel time spent in this place.
 C = Inter-level travel time spent in this place.
 D = Time resting spent in this place.
 E = Time spent auto-exploring this place.
 F = Levels seen in this place.
 G = Mean time per level.
                   A        B        C        D        E       F      G
               +--------+--------+--------+--------+--------+-----+--------+
         Total |  17026 |  16483 |    543 |   3238 |   8929 |  17 | 1001.5 |
       Dungeon |  16404 |  15884 |    520 |   3133 |   8717 |  12 | 1367.0 |
        Temple |    212 |    189 |     23 |      0 |    187 |   1 |  212.0 |
  Orcish Mines |      1 |      1 |      0 |      0 |      0 |   1 |    1.0 |
         Abyss |    118 |    118 |      0 |      0 |     25 |   2 |   59.0 |
       Ossuary |    289 |    289 |      0 |    105 |      0 |   1 |  289.0 |
               +--------+--------+--------+--------+--------+-----+--------+

Top non-repeatable levels by time:
     D:9: 2492 daAuts
    D:10: 2281 daAuts
     D:5: 2160 daAuts
     D:7: 1901 daAuts
     D:8: 1398 daAuts
     D:4: 1241 daAuts
     D:1: 1078 daAuts
    D:11: 986 daAuts
     D:3: 953 daAuts
     D:2: 913 daAuts
     D:6: 716 daAuts
 Ossuary: 289 daAuts
    D:12: 278 daAuts
  Temple: 212 daAuts
 Abyss:2: 68 daAuts
